 Dungeon Crawl Stone Soup version 0.31-a0-675-g238779eb0a (webtiles) character file.

Game seed: 16856870605198116343

86 qw the Shooter (level 4, 0/28 HPs)
             Began as a Gargoyle Hunter on Sept 5, 2023.
             Slain by an orc wizard
             ... wielding a +0 dagger
              (2 damage)
             ... on level 3 of the Dungeon.
             The game lasted 00:00:24 (1412 turns).

qw the Shooter (Gargoyle Hunter)                    Turns: 1412, Time: 00:00:25

Health: 0/28       AC:  7    Str: 15    XL:     4   Next: 50%
Magic:  4/4        EV: 11    Int:  9    God:
Gold:   109        SH:  0    Dex: 15    Spells: 3/3 levels left

rFire   . . .        Y - +1 shortbow (flame)
rCold   . . .        (shield currently unavailable)
rNeg    + . .        c - +0 leather armour
rPois   inf          (no helmet)
rElec   +            (no cloak)
rCorr   .            (no gloves)
SInv    .            f - +0 pair of boots
Will    .....        (no amulet)
Stlth   ++           (no ring)
HPRegen 0.24/turn    (no ring)
MPRegen 0.09/turn

%: no passive effects
@: no status effects
A: sickness immunity, AC +3, negative energy resistance 1, electricity
resistance, torment resistance 1, petrification resistance
a: no special abilities


You were on level 3 of the Dungeon.
You visited 1 branch of the dungeon, and saw 3 of its levels.

You collected 109 gold pieces.


Innate Abilities, Weirdness & Mutations

You are immune to sickness and miasma.
Your stone body is resilient. (AC +3)
You are immune to poison.
You resist negative energy. (rN+)
You are resistant to electric shocks. (rElec)
You are resistant to unholy torment.
You are immune to petrification.


   Skills:
 - Level 3.3 Fighting
 + Level 5.3 Ranged Weapons
 - Level 1.5 Dodging
 - Level 1.1 Stealth


You had 3 spell levels left.
You didn't know any spells.
Your spell library was empty.

Inventory:

Hand Weapons
 Y - a +1 shortbow of flaming (weapon)
Armour
 c - a +0 leather armour (worn)
 f - a +0 pair of boots (worn)
Scrolls
 a - a scroll of poison {unknown}
 d - a scroll of identify
Potions
 b - a potion of lignification {unknown}

Dungeon Overview and Level Annotations

Branches:
Dungeon (3/15)

Altars:

Shops:
D:2 :


Message History

You shoot an arrow. The arrow completely misses the orc.
The orc hits you but does no damage.
The orc priest hits the bush but does no damage.
The orc barely misses you.
1406 |||
Found retreat position at 3,2 (floor) with 0 blocking monsters and 1 monsters attacking at destination at distance 3 You shoot an arrow.
The arrow barely misses the orc.
The orc priest begins to cast a cantrip, but forgets the words!
The orc misses you.
1407 |||
Found retreat position at 3,2 (floor) with 0 blocking monsters and 1 monsters attacking at destination at distance 3 You shoot an arrow.
The arrow hits the orc!
The arrow burns the orc.
You kill the orc!
The orc priest hits you with a +0 club.
An endoplasm comes into view.
You have reached level 4!
You feel stronger.
1408 |||
Found retreat position at 3,2 (floor) with 0 blocking monsters and 1 monsters attacking at destination at distance 3 You shoot an arrow.
The endoplasm quivers.
The arrow hits the orc priest but does no damage.
The orc priest is lightly wounded.
The orc priest miscasts a cantrip.
1409 |||
Found retreat position at 3,2 (floor) with 0 blocking monsters and 1 monsters attacking at destination at distance 3 You shoot an arrow.
The arrow hits the orc priest.
The arrow burns the orc priest.
The orc priest is severely wounded.
The orc wizard points at you and mumbles some strange words.
The puff of flame hits you!
The orc priest hits you but does no damage.
1410 |||
Found retreat position at 3,2 (floor) with 0 blocking monsters and 1 monsters attacking at destination at distance 3 You shoot an arrow.
The arrow hits the orc priest.
The arrow burns the orc priest.
You kill the orc priest!
Your Fighting skill increases to level 3!
You shoot an arrow.
The arrow closely misses the orc wizard.
The orc wizard hits you but does no damage.
The orc hits the bush with a +0 flail!
The orc wizard closely misses you.
You shoot an arrow. The arrow misses the orc wizard.
The orc hits the bush but does no damage.
The orc wizard hits you with a +0 dagger.
You die...

########### . 7.. ...
....... 7. 7.7 #.# #.#.#.
P. .P7## #.# #..... 7P
7.7.# #.# #.#.#. 7.
77.P#.##.####.#...
.PP77.77PJ.##.#......###.
~~....ooP~~###...###.# #.
~~.P777P@~~##.#..###.###.
# ####.#.............
##.###...)...... #.#
###.####### ..# #.# ####
#.# .#


You could see an orc wizard, an orc and an endoplasm.

Vanquished Creatures
  An orc priest (D:3)
  Jessica (D:2)
  A dart slug (D:1)
  An orc (D:3)
  3 ball pythons
  A bat (D:1)
  3 endoplasms
  A giant cockroach (D:2)
  3 hobgoblins
  5 kobolds
  2 quokkas
  2 frilled lizards
  A goblin (D:3)
  4 rats (D:1)
29 creatures vanquished.

Notes
Turn   | Place    | Note
-------+----------+-------------------------------------------
     0 | D:1      | qw the Gargoyle Hunter began the quest for the Orb.
     0 | D:1      | Reached XP level 1. HP: 12/12 MP: 1/1
     0 | D:1      | 0 ||| qw: Version: 0.3-a-75-g829b12e
     0 | D:1      | 0 ||| qw: Game counter: 146
     0 | D:1      | 0 ||| qw: Melee chars always use a shield: true
     0 | D:1      | 0 ||| qw: God list: Okawaru
     0 | D:1      | 0 ||| qw: Allow faded altars: false
     0 | D:1      | 0 ||| qw: Do Orc after clearing Dungeon:15 true
     0 | D:1      | 0 ||| qw: Do second Lair branch before Depths: true
     0 | D:1      | 0 ||| qw: Lair rune preference: random
     0 | D:1      | 0 ||| qw: Goals: Normal
     0 | D:1      | 0 ||| PLANNING D:1-11
   172 | D:1      | Reached XP level 2. HP: 17/17 MP: 2/2
   745 | D:1      | 745 ||| UPGRADING to +0 pair of boots.
   750 | D:1      | 750 ||| READING scroll labelled QEMIFOI SAOR.
   764 | D:1      | 764 ||| READING scroll labelled TUYR ZOOLOHA.
   765 | D:1      | 765 ||| DROPPING scroll of butterflies.
   783 | D:2      | Identified the +10 flail of Ascent {speed, Str-5 Int+8
                  | Dex-3}
   784 | D:2      | Found Fykkael's Book Shoppe.
   848 | D:2      | Noticed Jessica
   859 | D:2      | HP: 4/17 [Jessica/+1 dagger of speed (2)]
   860 | D:2      | Killed Jessica
   861 | D:2      | Reached skill level 5 in Ranged Weapons
   861 | D:2      | Reached XP level 3. HP: 6/21 MP: 3/3
  1268 | D:2      | 1268 ||| READING scroll labelled HYNIHI VICA.
  1269 | D:2      | 1269 ||| READING scroll labelled HAPINEU DURENG.
  1273 | D:2      | 1273 ||| READING scroll labelled RAV EXKUCZUCK.
  1274 | D:2      | 1274 ||| READING 2 scrolls labelled RAG TOFOLU.
  1275 | D:2      | 1275 ||| READING scroll labelled ODE MACLAWIFRO.
  1276 | D:2      | 1276 ||| DROPPING scroll of noise.
  1322 | D:3      | 1322 ||| PLANNING SEWER
  1401 | D:3      | 1401 ||| Stepping ~*~*~tactically~*~*~ (retreating).
  1408 | D:3      | Reached XP level 4. HP: 8/27 MP: 4/4
  1409 | D:3      | HP: 1/27 [orc wizard/puff of flame (8)]
  1411 | D:3      | Reached skill level 3 in Fighting
  1412 | D:3      | Slain by an orc wizard

Levels and vault maps discovered:
D:1:      shiori_arrival_maze, layout_basic
D:2:      layout_rooms, serial_shops, nicolae_book_shop_shelving,
          hangedman_abyss_or_decor_lesser_grid, uniq_jessica
D:3:      minmay_inner_zag, layout_loops_ring, nicolae_elyvilon_peaceful_grove,
          marbit_many_paths, cheibrodos_sewer_entry_drain

Skill      XL: |  1  2  3  4 |
---------------+-------------+-----
Ranged Weapons | 5 |  5.3
Fighting       | 3 |  3.3
Dodging        | |  1.5
Stealth        | |  1.1

Action                     |  1- 3 |  4- 6 || total
---------------------------+-------+-------++-------
   Fire: Shortbow          |    73 |     5 ||    78
    Use: Scroll            |     7 |       ||     7
 Armour: Leather armour    |    17 |     4 ||    21
  Dodge: Dodged            |    13 |     1 ||    14

Table legend:
 A = Non-vault XP
 B = Vault XP
 C = Vault XP percentage of total XP
 D = Non-vault monster count
 E = Vault monster count
 F = Vault count percentage of total count
                 A         B        C        D         E       F
            +---------+---------+-------+---------+---------+-------
      Total |      84 |      40 |  32.3 |      26 |       3 |  10.3
            +---------+---------+-------+---------+---------+-------
        D:1 |      27 |       3 |  10.0 |      16 |       2 |  11.1
        D:2 |       4 |      37 |  90.2 |       3 |       1 |  25.0
        D:3 |      53 |       0 |   0.0 |       7 |       0 |   0.0
            +---------+---------+-------+---------+---------+-------
